 Dungeon Crawl Stone Soup version 0.29-a0-876-gfc89b1a5bd (webtiles) character file.

Game seed: 11955547571437821652

1883 buhh the Cleaver (level 9, -1/75 HPs)
             Began as a Meteoran Fighter on July 19, 2022.
             Was an Initiate of Yredelemnul.
             Engulfed by a cloud of steam (4 damage)
             ... on level 7 of the Dungeon.
             The game lasted 00:09:22 (2895 turns).

buhh the Cleaver (Meteoran Fighter)                 Turns: 2895, Time: 00:09:22

Health: -1/75      AC: 18    Str: 26    XL:     9   Next: 63%
Magic:  16/16      EV:  8    Int: 16    God:    Yredelemnul [......]
Gold:   224        SH:  5    Dex: 13    Spells: 8/8 levels left

rFire   . . .      SeeInvis .   o - +0 war axe
rCold   . . .      Faith    .   i - +0 buckler
rNeg    . . .      Spirit   .   x - +4 chain mail "Erheic" {Will+ Str+4 Int+5}
rPois   .          Reflect  .   (no helmet)
rElec   .          Harm     .   (no cloak)
rCorr   .          Rampage  .   r - +1 pair of gloves
Will    +++..                   q - +2 pair of boots
Stlth   ..........              (no amulet)
HPRegen 0.22/turn               n - ring of willpower
MPRegen 0.15/turn               (no ring)

@: glowing
A: sense surroundings 2, otherworldly, glowing, explore regen
a: Renounce Religion, Recall Undead Harvest


You were on level 7 of the Dungeon.
You worshipped Yredelemnul.
Yredelemnul was aware of your devotion.
You visited 2 branches of the dungeon, and saw 8 of its levels.

You collected 224 gold pieces.

Inventory:

Hand Weapons
 o - a +0 war axe (weapon)
Missiles
 y - 2 poisoned darts (quivered)
Armour
 b - a +0 scale mail
 i - a +0 buckler (worn)
 q - a +2 pair of boots (worn)
 r - a +1 pair of gloves (worn)
 x - the +4 chain mail "Erheic" (worn) {Will+ Str+4 Int+5}
   (You found it on level 3 of the Dungeon)

   Str:       It affects your strength (+4).
   Int:       It affects your intelligence (+5).
   Will:      It increases your willpower.
Jewellery
 n - a ring of willpower (left hand)
Scrolls
 c - 2 scrolls of teleportation {!d!d}
 e - a scroll of poison
 f - a scroll of fog
 l - 2 scrolls of immolation {!r}
 m - a scroll of enchant weapon {unknown}
 s - 2 scrolls of blinking {unknown}
 u - 2 scrolls of magic mapping {unknown}
Potions
 d - a potion of attraction {unknown}
 g - 2 potions of invisibility {unknown}
 j - 2 potions of mutation {unknown}
 k - 7 potions of heal wounds {unknown}
 p - a potion of brilliance {unknown}
 t - a potion of magic {unknown}
 w - a potion of lignification {unknown}
 z - a potion of haste {unknown}


   Skills:
 - Level 6.0 Fighting
 + Level 9.9 Axes
 - Level 4.1 Armour
 - Level 4.0 Shields
 + Level 8.5 Invocations


You had 8 spell levels left.
You didn't know any spells.
Your spell library contained the following spells:

 Spells                   Type           Power      Damage    Failure   Level
 Summon Small Mammal      Summ           0%         N/A       90%         1
 Poisonous Vapours        Pois/Air       0%         N/A       97%         2
 Call Canine Familiar     Summ           0%         N/A       99%         3
 Ozocubu's Armour         Ice            0%         N/A       99%         3
 Summon Guardian Golem    Hex/Summ       0%         N/A       99%         3
 Corpse Rot               Necr/Pois/Air  0%         N/A       100%        4
 Passage of Golubria      Tloc           0%         N/A       100%        4
 Silence                  Hex/Air        0%         N/A       100%        5
 Ozocubu's Refrigeration  Ice            0%         4d5       100%        7
 Lehudib's Crystal Spear  Conj/Erth      0%         10d2      100%        8


Dungeon Overview and Level Annotations

Branches:
Dungeon (7/15) Zot: 1266   Temple (1/1) D:4 Zot: 532

Altars:
Ashenzari
Fedhas
Hepliaklqana
Nemelex Xobeh
Ru
Sif Muna
Trog
Uskayaw
Vehumet
Wu Jian
Xom
Yredelemnul
Zin
The Shining One
Lugonu

Shops:
D:2 (


Innate Abilities, Weirdness & Mutations

You passively map the area around you.
You are easily found by Zot.
You glow in the dark.
You regain HP and MP as you explore.


Message History

You kill the orc!
The dead are walking!
You are engulfed in a cloud of scalding steam.
The steam dragon breathes steam at you. The ball of steam hits you!
* * * LOW HITPOINT WARNING * * *
The ball of steam hits your orc zombie!!
Your orc zombie is destroyed!
You hear a shout!
You feel better.
You are engulfed in a cloud of scalding steam.
* * * LOW HITPOINT WARNING * * *
The steam dragon closely misses you. You block the steam dragon's attack.
The orc completely misses you.
You feel better.
You are engulfed in a cloud of scalding steam.
You block the orc's attack.
The steam dragon bites you but does no damage.
The steam dragon claws you but does no damage.
You slash the steam dragon!
The steam dragon is almost dead.
You closely miss the orc. The steam dragon bites you.
* * * LOW HITPOINT WARNING * * *
The steam dragon claws you but does no damage.
The orc barely misses you.
You closely miss the steam dragon.
The steam dragon is almost dead.
You slash the orc!
You kill the orc!
The steam dragon breathes steam at you. The ball of steam hits you!
* * * LOW HITPOINT WARNING * * *
The hound bites you but does no damage.
You hear a shout!
You slash the steam dragon!
You kill the steam dragon!
You closely miss the hound.
You are engulfed in a cloud of scalding steam.
You die...
Your body rises from the dead as a mindless zombie.

* ##. *#.# * * * ###..* #o#
######...#####.#
............##g#
..#..........#o#
#..........#.zg##
#............)zz#
#........##goh##########
*#.........#.z#.@)..§§....
#..####.####.######.§§....*
. #..# #.# .......
######.## ##.# *####### .
.....####..# #..(.....# #
#....Z...# #####Z.......#
.............# * **


You could see a gnoll bouda, a hound, 3 wights, 2 orc priests and 2 gnolls.

Vanquished Creatures
  2 steam dragons (D:7)
  Edmund (D:6)
  2 ice beasts (D:5)
  A black bear (D:5)
  A centaur (D:7)
  A kobold brigand (D:7)
  7 wights
  A howler monkey (D:7)
  4 orc priests
  2 hounds
  A jelly (D:6)
  Ijyb (D:5)
  2 iguanas
  2 orc wizards (D:4)
  7 adders
  A white imp (D:6)
  4 dart slugs
  10 orcs
  8 endoplasms
  5 giant cockroaches
  4 goblins
  3 hobgoblins (D:1)
  4 jackals (D:1)
  10 quokkas
  5 ball pythons
  3 bats (D:2)
  2 frilled lizards
  13 kobolds
  11 rats
118 creatures vanquished.

Vanquished Creatures (collateral kills)
  An ogre (D:5)
  A necrophage (D:4)
  2 scorpions
  A wight (D:6)
  4 orcs
  3 ball pythons
  An endoplasm (D:4)
  A giant cockroach (D:4)
  A hobgoblin (D:4)
15 creatures vanquished.

Vanquished Creatures (others)
  An ice beast zombie (D:5)
  A hound zombie (D:4)
  A howler monkey zombie (D:7)
  A gnoll (D:7)
  A steam dragon zombie (D:7)
  A jelly zombie (D:6)
  A hobgoblin zombie (D:4)
  2 kobold zombies (D:7)
  2 orc zombies (D:7)
  A quokka zombie (D:5)
  A rat zombie (D:3)
13 creatures vanquished.

Grand Total: 146 creatures vanquished

Notes
Turn   | Place    | Note
-------+----------+-------------------------------------------
     0 | D:1      | buhh the Meteoran Fighter began the quest for the Orb.
     0 | D:1      | Reached XP level 1. HP: 19/19 MP: 2/2
    19 | D:1      | Reached XP level 2. HP: 26/26 MP: 3/3
   175 | D:1      | Reached XP level 3. HP: 31/31 MP: 4/4
   336 | D:1      | Reached skill level 3 in Axes
   460 | D:2      | Reached XP level 4. HP: 36/40 MP: 5/5
   882 | D:2      | Reached XP level 5. HP: 42/46 MP: 6/6
   986 | D:2      | Found Jynigil's Antique Weapon Shop.
  1072 | D:2      | Reached skill level 4 in Axes
  1084 | D:2      | You fall into a shaft and drop 2 floors!
  1089 | D:4      | Found a staircase to the Ecumenical Temple.
  1096 | Temple   | Entered the Ecumenical Temple
  1146 | Temple   | Became a worshipper of Yredelemnul the Dark
  1253 | D:4      | Reached * piety under Yredelemnul
  1277 | D:4      | Noticed a necrophage
  1282 | D:4      | Killed a necrophage
  1283 | D:4      | Reached skill level 5 in Fighting
  1283 | D:4      | Reached XP level 6. HP: 56/56 MP: 7/7
  1285 | D:4      | Reached skill level 5 in Axes
  1353 | D:4      | Reached ** piety under Yredelemnul
  1363 | D:4      | Reached XP level 7. HP: 41/61 MP: 8/8
  1369 | D:4      | Reached *** piety under Yredelemnul
  1422 | D:4      | Found a sacrificial altar of Ru.
  1562 | D:3      | Identified the +4 chain mail "Erheic" {Will+ Str+4 Int+5}
  1889 | D:3      | Found a shimmering altar of Xom.
  1924 | D:3      | Found a sparkling altar of Nemelex Xobeh.
  1925 | D:3      | Found a hide-covered altar of Uskayaw.
  2016 | D:5      | Entered Level 5 of the Dungeon
  2044 | D:5      | Reached skill level 6 in Axes
  2051 | D:5      | Noticed Ijyb
  2060 | D:5      | Killed Ijyb
  2117 | D:5      | Reached XP level 8. HP: 41/70 MP: 11/11
  2165 | D:5      | Reached skill level 7 in Axes
  2199 | D:5      | Found a radiant altar of Vehumet.
  2422 | D:6      | Reached skill level 5 in Invocations
  2456 | D:6      | Reached skill level 8 in Axes
  2480 | D:6      | Noticed Edmund
  2489 | D:6      | Killed Edmund
  2490 | D:6      | Gained mutation: You passively map the area around you.
                  | [Meteoran growth]
  2490 | D:6      | Reached XP level 9. HP: 51/72 MP: 14/14
  2626 | D:6      | Reached skill level 9 in Axes
  2890 | D:7      | HP: 1/75 [steam dragon/ball of steam (12)]
  2895 | D:7      | Engulfed by a cloud of steam

Illustrated notes

Levels and vault maps discovered:
D:1:      amcnicky_arrival_single_pillar, layout_loops_ring,
          minmay_rat_gold_closets
D:2:      layout_loops_ring, serial_shops, shop, dk_vineyard_2
D:3:      layout_loops_ring, lemuel_round_altar, nicolae_overflow_hidden_temple,
          grunt_ministairs_13
D:4:      minmay_spotlight, layout_cave_pools, nicolae_ru_awakened_eye,
          minmay_temple_entry_butterflies
D:5:      layout_layer_cave, lemuel_round_altar, uniq_ijyb
D:6:      layout_basic, uniq_crazy_yiuf_cottage, uniq_edmund
D:7:      layout_rooms, mainiacjoe_overflow_24_doors
Temple:   corrupted_temple

Skill      XL: |  1  2  3  4  5  6  7  8  9 |
---------------+----------------------------+-----
Armour         | 4 |  4.1
Shields        | 4 |  4.0
Axes           | 3 4 5 6 8 9 |  9.9
Fighting       | 4 5 6 |  6.0
Invocations    | 3 6 8 |  8.5

Action                   |  1- 3 |  4- 6 |  7- 9 || total
-------------------------+-------+-------+-------++-------
Melee: War axe           |    70 |   130 |   192 ||   392
Invok: Recall Undead Har |       |       |     7 ||     7
  Use: Scroll            |       |     2 |     5 ||     7
       Potion            |       |       |     8 ||     8
 Stab: Distracted        |       |       |     1 ||     1
Armor: Scale mail        |    38 |    91 |    12 ||   141
       Chain mail        |       |       |   136 ||   136
Dodge: Dodged            |    29 |    58 |    62 ||   149
Block: Buckler           |    13 |    32 |    56 ||   101

Table legend: (Time is in decaauts)
 A = Elapsed time spent in this place.
 B = Non-inter-level travel time spent in this place.
 C = Inter-level travel time spent in this place.
 D = Time resting spent in this place.
 E = Time spent auto-exploring this place.
 F = Levels seen in this place.
 G = Mean time per level.
                   A        B        C        D        E       F      G
               +--------+--------+--------+--------+--------+-----+--------+
         Total |   3001 |   2835 |    166 |      0 |    946 |   8 |  375.1 |
       Dungeon |   2933 |   2798 |    135 |      0 |    941 |   7 |  419.0 |
        Temple |     68 |     37 |     31 |      0 |      5 |   1 |   68.0 |
               +--------+--------+--------+--------+--------+-----+--------+

Top non-repeatable levels by time:
     D:2: 652 daAuts
     D:3: 607 daAuts
     D:1: 417 daAuts
     D:6: 382 daAuts
     D:5: 362 daAuts
     D:4: 355 daAuts
     D:7: 155 daAuts
  Temple: 68 daAuts
